Map: Deathaura LE

Players

Osiris

  • Race: Terran Terran
  • League: Diamond
  • Spawn Location: 5:00

Meep - Winner!

  • Race: Protoss Protoss
  • League: Master
  • Spawn Location: 11:00

VOD

Have the link to the VOD?

Description

Time

  • Played on: Oct. 4, 2020, 11:59 a.m.
  • Length: 4:39
Show
View Real Time Build Order
Export as new Build Order

Osiris Terran 

Build Orders:  

Get SALT Encoding   

  12  0:01  SCV  
  13  0:13  SCV  
  14  0:16  Supply Depot  
  14  0:25  SCV  
  15  0:29  Refinery  
  15  0:38  SCV  
  16  0:45  Barracks  
  16  0:50  SCV  
  16  0:54  Refinery  
  17  1:02  SCV  
  18  1:14  SCV  
  19  1:31  Orbital Command  
  19  1:32  Reaper  
  20  1:34  Factory  
  20  1:43  Supply Depot  
  20  1:57  SCV  
  21  2:04  Reaper  
  22  2:12  SCV  
  23  2:19  Hellion  
  23  2:41  Reaper, Hellion  
  23  2:48  Starport  
  23  2:51  SCV  
  24  3:19  Marine  
  25  3:20  Hellion  
  25  3:24  SCV  
  27  3:34  Command Center  
  27  3:37  SCV  
  27  3:57  Factory Tech Lab  
  27  3:58  Barracks Reactor  
  27  4:02  SCV  
  22  4:19  SCV  
  21  4:25  Supply Depot  
  19  4:31  Bunker  
Show
View Real Time Build Order
Export as new Build Order

Meep Protoss - Winner!

Build Orders:  

Get SALT Encoding   

  12  0:00  Probe  
  13  0:12  Probe  
  14  0:18  Pylon  
  14  0:25  Probe  
  15  0:38  Pylon  
  15  0:47  Probe  
  16  0:57  Gateway  
  16  1:00  Gateway  
  16  1:15  Probe  
  16  1:17  Assimilator  
  17  1:28  Probe  
  18  1:40  Probe  
  18  1:44  Zealot (Chrono Boost)  
  21  1:47  Zealot (Chrono Boost)  
  21  1:49  Cybernetics Core  
  21  1:53  Pylon  
  23  2:05  Zealot (Chrono Boost)  
  25  2:10  Probe  
  25  2:14  Assimilator  
  26  2:32  Stalker  
  28  2:47  Stalker (Chrono Boost)  
  28  2:50  Robotics Facility  
  26  2:55  Probe  
  27  2:58  Shield Battery  
  27  3:02  Stalker (Chrono Boost)  
  29  3:07  Probe  
  30  3:17  Stalker  
  32  3:30  Stalker  
  32  3:32  Pylon  
  32  3:33  Probe  
  35  3:45  Probe  
  36  3:53  Immortal (Chrono Boost)  
  36  4:05  Stalker  
  38  4:21  Shield Battery  
Tags
 
Add a new tag
Caveats
  • Supply blocks, unpowered buildings, or Contaminate may cause inaccurate times.
  • Supply counts are checked every 10 seconds.